 Dungeon Crawl Stone Soup version 0.16.1 (console) character file.

30 Gorbad the Magician (level 3, 8/19 HPs)
             Began as a Gargoyle Wizard on Apr 2, 2015.
             Quit the game on level 2 of the Dungeon.
             The game lasted 00:07:22 (1440 turns).

Gorbad the Magician (Gargoyle Wizard)               Turns: 1440, Time: 00:07:22

Health: 8/19       AC:  7    Str: 10    XL:     3   Next: 20%
Magic:  0/8        EV: 11    Int: 19    God:
Gold:   81         SH:  0    Dex:  8    Spells: 1 memorised, 8 levels left

rFire  . . .     SeeInvis .     (no weapon)
rCold  . . .     Clarity  .     a - +0 robe
rNeg   + . .     SustAb   .     (no shield)
rPois  ∞         Gourm    .     i - +2 hat
rElec  +         Spirit   .     (no cloak)
rCorr  .         Warding  .     (no gloves)
rMut   .         Stasis   .     (no boots)
MR     .....                    (no amulet)
Stlth  ++........               (no ring)
                                (no ring)

@: very slightly contaminated, not resistant to hostile enchantments, unstealthy
A: negative energy resistance 1, electricity resistance, unbreathing,
petrification resistance, rot immunity, AC +3
a: no special abilities


You were on level 2 of the Dungeon.
You were not hungry.

You visited 1 branch of the dungeon, and saw 2 of its levels.

You collected 81 gold pieces.

Inventory:

Armour
 a - a +0 robe (worn)
 i - a +2 hat (worn)
Scrolls
 g - 2 scrolls of remove curse {unknown}
 h - a scroll of enchant armour {unknown}
 j - a scroll of identify {unknown}
 k - a scroll of fog {unknown}
Potions
 b - a potion of heal wounds {unknown}
 e - a potion of curing {unknown}
Books
 c - a book of Minor Magic

   Spells                             Type                      Level
   a - Magic Dart                     Conjuration                  1
   b - Blink                          Translocation                2
   c - Call Imp                       Summoning                    2
   d - Repel Missiles                 Charms/Air                   2
   e - Slow                           Hexes                        2
   f - Conjure Flame                  Conjuration/Fire             3
   g - Mephitic Cloud                 Conjuration/Poison/Air       3
Comestibles
 d - 3 bread rations
 f - 2 beef jerkies
 l - a chunk of flesh


   Skills:
 - Level 1.5 Dodging
 - Level 2.1 Stealth
 + Level 3.5 Spellcasting
 + Level 2.4 Conjurations
   Level 0.8 Summonings
   Level 0.8 Translocations


You had 8 spell levels left.
You knew the following spells:

 Your Spells              Type           Power        Failure   Level  Hunger
a - Magic Dart            Conj           ##..         8%          1    None


Dungeon Overview and Level Annotations

Branches:
Dungeon (2/15)

Altars:
Nemelex Xobeh

Annotations:
D:2 Terence


Innate Abilities, Weirdness & Mutations

You are resistant to torment.
You are immune to poison.
Your stone body is very resilient (AC +3).
You resist negative energy.
You are resistant to electric shocks.
You can survive without breathing.
You are immune to petrification.
You are immune to rotting.


Message History

Aiming: Magic Dart
Press: ? - help, Shift-Dir - straight line, f/p - Terence
Aim: Terence, wielding a hand axe and wearing a scale mail (lightly wounded)
The magic dart hits Terence.
Terence is lightly wounded.
Terence hits you with a hand axe.
Casting: Magic Dart
Confirm with . or Enter, or press ? or * to list all spells.
Aiming: Magic Dart
Press: ? - help, Shift-Dir - straight line, f/p - Terence
Aim: Terence, wielding a hand axe and wearing a scale mail (lightly wounded)
The magic dart hits Terence.
Terence is moderately wounded.
Terence screams, "I'm going to kill you!"
Terence closely misses you.
Casting: Magic Dart
Confirm with . or Enter, or press ? or * to list all spells.
You don't have enough magic to cast that spell.
No previous command to re-do.
Are you sure you want to abandon this character and quit the game? (Confirm with "yes".)

##...#...####.##
##.........###..#
#...........###.########
#...........###.#.......
#.<...............######
##.........####.###
##.......## #.#
#####.##### #.#
#@....###.# #@###..##.#
### #.# ##....### #..
#.# ###....## #..
##.#######.#..###..
#...#..............
#.....####.######..
#...### #.# #.. #####
#.# ##.


You could see Terence.

Vanquished Creatures
  An adder (D:2)
  An ooze (D:1)
  A giant cockroach (D:1)
  3 goblins
  A hobgoblin (D:1)
  A ball python (D:2)
  5 bats
  2 giant newts (D:1)
  2 kobolds (D:1)
  2 rats (D:1)
19 creatures vanquished.

Notes
Turn   | Place    | Note
--------------------------------------------------------------
     0 | D:1      | Gorbad, the Gargoyle Wizard, began the quest for the Orb.
     0 | D:1      | Reached XP level 1. HP: 10/10 MP: 4/4
   435 | D:1      | Found a sparkling altar of Nemelex Xobeh.
   445 | D:1      | Reached XP level 2. HP: 15/15 MP: 1/6
  1321 | D:2      | Noticed Terence
  1337 | D:2      | Reached XP level 3. HP: 12/19 MP: 0/8
  1440 | D:2      | Quit the game

Action                   || total
-------------------------++-------
Melee: Unarmed           ||    19
 Cast: Magic Dart        ||    68
  Eat: Chunk             ||     1
